 Dungeon Crawl Stone Soup version 0.19.5 (webtiles) character file.

147 vatarom the Gusty (level 5, -5/28 HPs)
             Began as a Tengu Air Elementalist on Mar 8, 2017.
             Slain by an orc priest
             ... wielding a +0 trident
              (7 damage)
             ... on level 3 of the Dungeon.
             The game lasted 00:14:36 (3987 turns).

vatarom the Gusty (Tengu Air Elementalist)          Turns: 3987, Time: 00:14:37

Health: -5/28      AC:  3    Str:  7 (8)  XL:     5   Next: 29%
Magic:  3/9        EV: 12    Int: 15      God:
Gold:   146        SH:  0    Dex: 13 (14) Spells: 4 memorised, 0 levels left

rFire  + . .     SeeInvis .     g - +0 dagger
rCold  . . .     Gourm    .     a - +1 robe
rNeg   . . .     Faith    .     (no shield)
rPois  +         Spirit   .     (helmet restricted)
rElec  .         Reflect  .     (no cloak)
rCorr  .         Harm     .     (no gloves)
MR     +....     Rnd*Tele +     (boots unavailable)
Stlth  ++........               (no amulet)
                                (no ring)
                                e - ring of teleportation

@: no status effects
A: beak, talons 3, deterioration 1, dopey 1, fire resistance 1, magic resistance
1, poison resistance, screaming 1, able to fly 1
a: Fly


You were on level 3 of the Dungeon.
You were not hungry.

You visited 1 branch of the dungeon, and saw 3 of its levels.

You collected 146 gold pieces.

Inventory:

Hand Weapons
 d - a +1 dagger of speed
 g - a +0 dagger (weapon)
 n - a cursed -2 dagger
Armour
 a - a +1 robe (worn)
Jewellery
 e - a ring of teleportation (left hand)
 j - an uncursed ring of ice
Scrolls
 h - 2 scrolls of fear
 i - 2 scrolls of amnesia
 o - a scroll of teleportation
Potions
 k - a potion of flight
Books
 b - a book of Air

   Spells                             Type                      Level
   a - Shock                          Conjuration/Air              1
   b - Swiftness                      Charms/Air                   2
   c - Repel Missiles                 Charms/Air                   2
   d - Static Discharge               Conjuration/Air              3
   e - Lightning Bolt                 Conjuration/Air              5
Comestibles
 c - 2 bread rations
 l - a royal jelly
 m - a meat ration


   Skills:
 - Level 2.1 Dodging
 - Level 2.0 Stealth
 - Level 2.0 Spellcasting
 - Level 1.3 Conjurations
 + Level 7.7 Air Magic


You couldn't memorise any spells.
You knew the following spells:

 Your Spells              Type           Power        Failure   Level  Hunger
a - Shock                 Conj/Air       ###.         3%          1    #......
b - Repel Missiles        Chrm/Air       ##....       10%         2    ###....
c - Swiftness             Chrm/Air       ##......     10%         2    ###....
d - Static Discharge      Conj/Air       ###.....     12%         3    ###....


Dungeon Overview and Level Annotations

Branches:
Dungeon (3/15)

Altars:
Trog
Uskayaw
Vehumet
Zin
The Shining One


Innate Abilities, Weirdness & Mutations

You have a beak for a mouth.
You have claws for feet.
You can fly.
Your body sometimes deteriorates upon taking damage.
You are dopey. (Int -2)
Your flesh is heat resistant. (rF+)
You are resistant to hostile enchantments. (MR+)
Your system is resistant to poisons. (rPois)
You occasionally shout uncontrollably at your foes.


Message History

Confirm with . or Enter, or press ? or * to list all spells.
Okay, then.
The orc priest hits you with a trident!
* * * LOW HITPOINT WARNING * * *
Casting: Shock
Confirm with . or Enter, or press ? or * to list all spells.
The orc priest is struck by lightning.
The orc priest is severely wounded.
The lightning arcs!
You are struck by lightning.
* * * LOW HITPOINT WARNING * * *
The lightning grounds out.
The orc priest hits you with a trident.
* * * LOW HITPOINT WARNING * * *
You feel better. The orc priest hits you with a trident!
* * * LOW HITPOINT WARNING * * *
Casting: Static Discharge
Confirm with . or Enter, or press ? or * to list all spells.
The orc priest is struck by lightning.
The orc priest is almost dead.
The lightning grounds out.
The orc priest hits you with a trident!
You die...

# #.##.#....####.#####.# #.# #. #
#......[...........(.###.# ## #
####.#.#..........#####..# #
#)#.#.########.# #.## # #)#.#.#
#.# #.# # #.#.#.# #.# #.# #
####.#.#.########)# #.#
###..>...........##.#####.#
........(#.....o@.<.......#
###.##..............#######
###.###..#.#####.#.).##
#.#.##...#.# ##.#..#.##
.).....#.#.####...).##.##########
#.###..#.#...†..(................
#.# #..#....#...(......##########
#.###.#####..................#
.......#....#..............#.#


You could see an orc priest.

Vanquished Creatures
  Ijyb (D:2)
  Terence (D:2)
  3 adders (D:2)
  An ooze (D:1)
  2 worms (D:2)
  2 dart slugs (D:1)
  A leopard gecko (D:1)
  3 orcs (D:3)
  7 bats
  4 giant cockroaches
  8 goblins
  4 hobgoblins (D:1)
  A quokka (D:2)
  2 frilled lizards (D:3)
  7 kobolds
  7 rats
54 creatures vanquished.

Notes
Turn   | Place    | Note
-------+----------+-------------------------------------------
     0 | D:1      | vatarom the Tengu Air Elementalist began the quest for the Orb.
     0 | D:1      | Reached XP level 1. HP: 10/10 MP: 4/4
   229 | D:1      | Reached XP level 2. HP: 1/15 MP: 0/6
   485 | D:1      | Learned a level 2 spell: Repel Missiles
   488 | D:1      | Learned a level 2 spell: Swiftness
   773 | D:1      | Reached skill level 5 in Air Magic
  1189 | D:1      | Reached XP level 3. HP: 14/19 MP: 2/7
  1432 | D:1      | Gained mutation: Your system is resistant to poisons. (rPois) [potion of mutation]
  1432 | D:1      | Gained mutation: You occasionally shout uncontrollably at your foes. [potion of mutation]
  1432 | D:1      | Gained mutation: You are resistant to hostile enchantments. (MR+) [potion of mutation]
  1599 | D:2      | Reached skill level 6 in Air Magic
  1878 | D:2      | Reached XP level 4. HP: 24/24 MP: 5/8
  1939 | D:1      | Gained mutation: Your body sometimes deteriorates upon taking damage. [potion of mutation]
  1939 | D:1      | Gained mutation: You are dopey. (Int -2) [potion of mutation]
  1939 | D:1      | Gained mutation: Your flesh is heat resistant. (rF+) [potion of mutation]
  2178 | D:2      | Found a hide-covered altar of Uskayaw.
  2178 | D:2      | Noticed Terence
  2398 | D:2      | Killed Terence
  2426 | D:2      | Found a bloodstained altar of Trog.
  2426 | D:2      | Noticed Ijyb
  2728 | D:2      | Killed Ijyb
  2728 | D:2      | Reached skill level 7 in Air Magic
  2728 | D:2      | Gained mutation: You can fly. [Tengu growth]
  2728 | D:2      | Reached XP level 5. HP: 16/28 MP: 0/9
  3469 | D:3      | Found a glowing silver altar of Zin.
  3469 | D:3      | Found a glowing golden altar of the Shining One.
  3619 | D:3      | Found a radiant altar of Vehumet.
  3969 | D:2      | Learned a level 3 spell: Static Discharge
  3985 | D:3      | HP: 1/28 [orc priest/trident (4)]
  3987 | D:3      | Slain by an orc priest

Skill      XL: |  1  2  3  4 |
---------------+-------------+-----
Air Magic      | 5 6 7 |  7.7
Dodging        | |  2.1
Stealth        | |  2.0
Spellcasting   | |  2.0
Conjurations   | |  1.3

Action                   |  1- 3 |  4- 6 || total
-------------------------+-------+-------++-------
Melee: Unarmed           |     6 |       ||     6
       Kick              |     7 |     6 ||    13
       Peck              |     4 |     3 ||     7
       Dagger            |    20 |    35 ||    55
 Cast: Shock             |    50 |    73 ||   123
       Swiftness         |       |     2 ||     2
       Static Discharge  |       |     2 ||     2
  Use: Potion            |     3 |     3 ||     6
       Scroll            |     3 |     7 ||    10
  Eat: Chunk             |     2 |     1 ||     3
       Meat ration       |     1 |       ||     1
       Bread ration      |       |     1 ||     1
Armor: Robe              |     4 |    11 ||    15
Dodge: Dodged            |    39 |    60 ||    99
